[ PARTIDA AOE2 · #483817713 ]
Team RMLituanos vs Maya
[ ANÁLISIS DE REPETICIÓN · EXTRAÍDO DE LA PARTIDA GRABADA ]
Feudal
—
Castillos
—
Imperial
—
| APM promedio | 12.5 |
| APM pico | 38 |
| eAPM promedio | 8.8 |
| Aldeanos / militares | 91 / 45 |
Foco
⚔️ 33.1% · 🌾 66.9%
Leitis ×27 · Monk ×6 · Cavalry Archer ×5 · Spearman ×4 · Battering Ram ×3
Feudal
—
Castillos
—
Imperial
—
| APM promedio | 46.6 |
| APM pico | 93 |
| eAPM promedio | 16.0 |
| Aldeanos / militares | 86 / 190 |
Foco
⚔️ 40.5% · 🌾 59.5%
Spearman ×95 · Archer ×47 · Plumed Archer ×28 · Trebuchet (Packed) ×10 · Militia ×5 · Battering Ram ×4
Feudal
—
Castillos
—
Imperial
—
| APM promedio | 32.7 |
| APM pico | 181 |
| eAPM promedio | 29.2 |
| Aldeanos / militares | 125 / 145 |
Foco
⚔️ 12.3% · 🌾 87.7%
Skirmisher ×74 · Knight ×27 · Spearman ×21 · Cavalry Archer ×14 · War Elephant ×7 · Scout Cavalry ×2
Feudal
—
Castillos
—
Imperial
—
| APM promedio | 24.2 |
| APM pico | 60 |
| eAPM promedio | 11.4 |
| Aldeanos / militares | 91 / 172 |
Foco
⚔️ 42.0% · 🌾 58.0%
Knight ×84 · Spearman ×53 · Petard ×16 · Battering Ram ×14 · Monk ×3 · Scout Cavalry ×1
Mapa de la partida
Recursos al inicio + cada clic de construcción. Línea gruesa = muro · recuadro discontinuo = muro de casas detectado. 🟡 oro · ⚪ piedra · 🟢 bayas · 🔶 jabalí · ⭕ reliquia
Inputs por minuto
— Sparten gio - - TrackpadJake
Build order — Sparten gio
Primeras 150 de 199 acciones detectadas
| 0:01 | Crear | Villager (Male) |
| 0:02 | Crear | Villager (Male) |
| 0:02 | Crear | Villager (Male) |
| 0:04 | Construir | House |
| 0:07 | Construir | House |
| 0:10 | Crear | Villager (Male) ×3 |
| 1:42 | Crear | Villager (Male) |
| 2:40 | Crear | Villager (Male) |
| 2:40 | Crear | Villager (Male) |
| 2:40 | Crear | Villager (Male) |
| 3:00 | Crear | Villager (Male) |
| 3:16 | Crear | Villager (Male) |
| 3:33 | Construir | Lumber Camp |
| 3:41 | Crear | Villager (Male) |
| 4:42 | Investigar | Loom |
| 5:48 | Construir | Mill |
| 6:26 | Investigar | Feudal Age |
| 7:21 | Crear | Villager (Male) |
| 7:21 | Crear | Villager (Male) |
| 7:22 | Crear | Villager (Male) |
| 7:35 | Construir | House |
| 7:47 | Construir | House |
| 8:53 | Construir | Mining Camp |
| 8:58 | Crear | Villager (Male) |
| 8:59 | Crear | Villager (Male) |
| 10:48 | Construir | Blacksmith |
| 10:56 | Investigar | Double-Bit Axe |
| 11:34 | Construir | Mining Camp |
| 12:05 | Crear | Villager (Male) |
| 12:06 | Crear | Villager (Male) |
| 12:34 | Construir | Farm |
| 12:34 | Construir | Farm |
| 12:35 | Construir | Farm |
| 13:27 | Construir | Market |
| 13:33 | Construir | House |
| 13:34 | Crear | Villager (Male) |
| 13:37 | Crear | Villager (Male) |
| 13:37 | Crear | Villager (Male) |
| 13:39 | Crear | Villager (Male) |
| 13:54 | Construir | Farm |
| 14:33 | Construir | Farm |
| 14:47 | Construir | Farm |
| 14:58 | Construir | House |
| 15:02 | Construir | House |
| 15:20 | Construir | House |
| 16:19 | Investigar | Castle Age |
| 16:36 | Construir | Barracks |
| 17:12 | Investigar | Town Watch |
| 17:16 | Crear | Villager (Male) |
| 17:55 | Construir | House |
| 18:01 | Construir | House |
| 18:08 | Construir | House |
| 18:18 | Crear | Spearman |
| 18:18 | Crear | Spearman |
| 20:32 | Construir | Castle |
| 20:57 | Crear | Villager (Male) |
| 20:57 | Crear | Villager (Male) |
| 20:58 | Crear | Villager (Male) |
| 21:29 | Construir | Monastery |
| 22:05 | Crear | Leitis |
| 22:05 | Crear | Leitis |
| 22:05 | Crear | Leitis |
| 22:39 | Construir | Watch Tower |
| 23:32 | Investigar | Scale Barding Armor |
| 24:19 | Crear | Spearman |
| 24:20 | Crear | Spearman |
| 24:29 | Crear | Monk |
| 25:01 | Construir | Farm |
| 25:07 | Construir | Farm |
| 25:09 | Construir | Farm |
| 25:12 | Construir | Farm |
| 25:39 | Construir | Lumber Camp |
| 25:54 | Construir | Farm |
| 26:00 | Construir | Farm |
| 26:07 | Crear | Villager (Male) |
| 26:08 | Crear | Villager (Male) |
| 26:40 | Construir | Farm |
| 27:01 | Crear | Monk |
| 27:26 | Crear | Villager (Male) |
| 27:26 | Crear | Villager (Male) |
| 27:27 | Crear | Villager (Male) |
| 27:27 | Crear | Villager (Male) |
| 27:36 | Construir | Farm |
| 27:37 | Construir | Farm |
| 27:38 | Construir | Farm |
| 28:51 | Crear | Villager (Male) |
| 28:54 | Crear | Villager (Male) |
| 28:57 | Crear | Leitis |
| 28:58 | Crear | Leitis |
| 29:08 | Construir | Farm |
| 29:12 | Construir | Farm |
| 29:42 | Investigar | Forging |
| 29:46 | Crear | Villager (Male) |
| 30:25 | Construir | Stable |
| 30:39 | Crear | Villager (Male) |
| 30:39 | Crear | Villager (Male) |
| 30:39 | Crear | Villager (Male) |
| 31:43 | Crear | Villager (Male) |
| 31:43 | Crear | Villager (Male) |
| 31:43 | Crear | Villager (Male) |
| 32:27 | Investigar | Bloodlines |
| 32:28 | Investigar | Husbandry |
| 32:40 | Crear | Villager (Male) |
| 32:40 | Crear | Villager (Male) |
| 32:40 | Crear | Villager (Male) |
| 33:15 | Investigar | Herbal Medicine |
| 33:57 | Construir | Mining Camp |
| 34:00 | Crear | Villager (Male) |
| 34:00 | Crear | Villager (Male) |
| 34:00 | Crear | Villager (Male) |
| 35:07 | Construir | Siege Workshop |
| 35:20 | Investigar | Fletching |
| 35:52 | Crear | Villager (Male) |
| 35:52 | Crear | Villager (Male) |
| 35:53 | Crear | Villager (Male) |
| 36:18 | Construir | Town Center |
| 37:56 | Crear | Battering Ram |
| 39:14 | Crear | Battering Ram |
| 39:21 | Crear | Leitis ×5 |
| 39:24 | Crear | Villager (Male) |
| 39:24 | Crear | Villager (Male) |
| 39:24 | Crear | Villager (Male) |
| 39:24 | Crear | Villager (Male) |
| 39:25 | Crear | Villager (Male) |
| 39:25 | Crear | Villager (Male) |
| 39:42 | Crear | Monk |
| 39:46 | Crear | Leitis ×3 |
| 40:55 | Crear | Battering Ram |
| 41:23 | Construir | Castle |
| 42:34 | Construir | University |
| 43:09 | Crear | Villager (Male) |
| 43:09 | Crear | Villager (Male) |
| 43:09 | Crear | Villager (Male) |
| 43:09 | Crear | Villager (Male) |
| 43:09 | Crear | Villager (Male) |
| 43:09 | Crear | Villager (Male) |
| 43:22 | Crear | Leitis |
| 43:22 | Crear | Leitis |
| 44:18 | Construir | Mining Camp |
| 44:31 | Construir | Farm |
| 44:31 | Construir | Farm |
| 44:32 | Construir | Farm |
| 44:32 | Construir | Farm |
| 44:34 | Construir | Farm |
| 44:35 | Construir | Farm |
| 45:25 | Investigar | Murder Holes |
| 45:44 | Crear | Leitis ×5 |
| 47:54 | Construir | Town Center |
| 48:08 | Investigar | Iron Casting |
| 48:12 | Crear | Leitis ×2 |
Build order — TrackpadJake
Primeras 150 de 334 acciones detectadas
| 0:03 | Construir | House |
| 0:03 | Construir | House |
| 0:04 | Crear | Villager (Male) |
| 0:04 | Crear | Villager (Male) |
| 0:05 | Crear | Villager (Male) |
| 1:42 | Construir | Lumber Camp |
| 2:01 | Crear | Villager (Male) |
| 2:44 | Crear | Villager (Male) |
| 2:45 | Crear | Villager (Male) |
| 2:45 | Crear | Villager (Male) |
| 3:29 | Crear | Villager (Male) |
| 3:29 | Crear | Villager (Male) |
| 4:06 | Construir | House |
| 4:21 | Crear | Villager (Male) |
| 4:21 | Crear | Villager (Male) |
| 4:22 | Crear | Villager (Male) |
| 5:19 | Crear | Villager (Male) |
| 5:19 | Crear | Villager (Male) |
| 5:19 | Crear | Villager (Male) |
| 5:19 | Crear | Villager (Male) |
| 6:20 | Crear | Villager (Male) |
| 6:20 | Crear | Villager (Male) |
| 6:21 | Crear | Villager (Male) |
| 6:48 | Construir | House |
| 7:34 | Crear | Villager (Male) |
| 7:35 | Crear | Villager (Male) |
| 7:43 | Crear | Villager (Male) |
| 7:43 | Crear | Villager (Male) |
| 8:12 | Construir | Mining Camp |
| 8:32 | Construir | Barracks |
| 8:41 | Construir | House |
| 8:50 | Construir | Mill |
| 9:30 | Investigar | Feudal Age |
| 9:42 | Construir | Palisade Wall |
| 9:48 | Construir | Palisade Wall |
| 9:48 | Construir | Palisade Wall |
| 10:14 | Construir | Lumber Camp |
| 10:45 | Construir | House |
| 11:46 | Construir | Archery Range |
| 11:49 | Crear | Villager (Male) |
| 11:52 | Investigar | Loom |
| 11:58 | Investigar | Double-Bit Axe |
| 12:07 | Construir | Blacksmith |
| 12:27 | Crear | Villager (Male) |
| 12:27 | Crear | Villager (Male) |
| 12:29 | Crear | Villager (Male) |
| 12:30 | Crear | Villager (Male) |
| 12:32 | Crear | Archer |
| 12:33 | Crear | Archer |
| 12:33 | Crear | Archer |
| 12:33 | Crear | Archer |
| 12:34 | Crear | Archer |
| 12:34 | Crear | Archer |
| 12:53 | Investigar | Fletching |
| 13:12 | Crear | Spearman |
| 13:23 | Construir | Farm |
| 13:29 | Construir | Farm |
| 13:32 | Crear | Villager (Male) |
| 13:32 | Crear | Villager (Male) |
| 14:30 | Construir | Palisade Wall |
| 14:31 | Construir | Palisade Wall |
| 14:42 | Investigar | Horse Collar |
| 14:45 | Crear | Villager (Male) |
| 14:45 | Crear | Villager (Male) |
| 15:00 | Crear | Archer |
| 15:01 | Crear | Archer |
| 15:02 | Crear | Archer |
| 15:05 | Investigar | Padded Archer Armor |
| 15:15 | Construir | Farm |
| 15:34 | Construir | House |
| 16:57 | Construir | House |
| 16:58 | Construir | House |
| 16:59 | Construir | House |
| 17:00 | Construir | House |
| 17:02 | Crear | Villager (Male) |
| 17:02 | Crear | Villager (Male) |
| 17:03 | Crear | Villager (Male) |
| 17:05 | Crear | Villager (Male) |
| 17:09 | Crear | Spearman |
| 17:09 | Crear | Spearman |
| 18:21 | Crear | Villager (Male) |
| 18:22 | Crear | Villager (Male) |
| 18:27 | Construir | Farm |
| 18:28 | Construir | Farm |
| 18:32 | Construir | Farm |
| 20:33 | Construir | Stone Wall |
| 20:45 | Construir | Stone Wall |
| 20:53 | Construir | Farm |
| 20:54 | Construir | Farm |
| 20:54 | Construir | Farm |
| 23:02 | Crear | Spearman |
| 23:02 | Crear | Spearman |
| 23:02 | Crear | Spearman |
| 23:57 | Investigar | Castle Age |
| 24:08 | Crear | Villager (Male) |
| 24:08 | Crear | Villager (Male) |
| 24:14 | Construir | Farm |
| 24:15 | Construir | Farm |
| 24:16 | Construir | Farm |
| 26:01 | Construir | Market |
| 26:22 | Crear | Skirmisher |
| 26:42 | Investigar | Crossbowman (upgrade) |
| 26:53 | Construir | Town Center |
| 26:55 | Crear | Villager (Male) |
| 26:55 | Crear | Villager (Male) |
| 26:56 | Crear | Villager (Male) |
| 27:06 | Investigar | Pikeman (upgrade) |
| 27:33 | Construir | Archery Range |
| 27:38 | Construir | House |
| 27:38 | Construir | House |
| 27:39 | Construir | House |
| 27:39 | Construir | House |
| 27:39 | Construir | House |
| 27:42 | Crear | Villager (Male) |
| 27:45 | Investigar | Heavy Plow |
| 27:53 | Crear | Spearman |
| 27:53 | Crear | Spearman |
| 27:54 | Crear | Spearman |
| 28:13 | Crear | Archer |
| 28:13 | Crear | Archer |
| 28:14 | Crear | Archer |
| 28:14 | Crear | Archer |
| 28:14 | Crear | Archer |
| 28:15 | Crear | Archer |
| 28:15 | Crear | Archer |
| 28:15 | Crear | Archer |
| 28:16 | Crear | Archer |
| 28:16 | Crear | Archer |
| 28:17 | Crear | Archer |
| 28:23 | Crear | Villager (Male) |
| 28:23 | Crear | Villager (Male) |
| 28:23 | Crear | Villager (Male) |
| 28:32 | Construir | Building 665 |
| 28:59 | Construir | Lumber Camp |
| 29:17 | Crear | Villager (Male) |
| 29:17 | Crear | Villager (Male) |
| 29:20 | Crear | Villager (Male) |
| 29:23 | Crear | Archer |
| 29:24 | Crear | Archer |
| 29:24 | Crear | Archer |
| 29:24 | Crear | Archer |
| 29:24 | Crear | Archer |
| 29:25 | Crear | Archer |
| 29:25 | Crear | Archer |
| 29:25 | Crear | Archer |
| 29:25 | Crear | Archer |
| 29:26 | Crear | Archer |
| 29:38 | Construir | Mining Camp |
| 29:54 | Crear | Spearman |
| 29:54 | Crear | Spearman |
Build order — Alexis angel666
Primeras 150 de 415 acciones detectadas
| 0:02 | Crear | Villager (Male) |
| 0:03 | Crear | Villager (Male) |
| 0:03 | Crear | Villager (Male) |
| 0:07 | Construir | House |
| 0:11 | Construir | House |
| 0:34 | Crear | Villager (Male) |
| 0:34 | Crear | Villager (Male) |
| 1:51 | Crear | Villager (Male) |
| 2:11 | Crear | Villager (Male) |
| 2:25 | Crear | Villager (Male) |
| 2:52 | Crear | Villager (Male) |
| 3:19 | Crear | Villager (Male) |
| 3:57 | Construir | Lumber Camp |
| 4:08 | Construir | House |
| 4:11 | Construir | House |
| 4:26 | Crear | Villager (Male) |
| 4:26 | Crear | Villager (Male) |
| 4:26 | Crear | Villager (Male) |
| 4:28 | Investigar | Loom |
| 5:10 | Crear | Villager (Male) |
| 5:40 | Construir | Palisade Wall |
| 6:37 | Construir | Mill |
| 6:51 | Crear | Villager (Male) |
| 6:52 | Crear | Villager (Male) |
| 6:52 | Crear | Villager (Male) |
| 8:25 | Construir | Mining Camp |
| 8:32 | Construir | House |
| 8:34 | Construir | House |
| 8:37 | Investigar | Feudal Age |
| 8:44 | Crear | Villager (Male) |
| 8:44 | Crear | Villager (Male) |
| 9:50 | Construir | House |
| 9:52 | Investigar | Feudal Age |
| 10:46 | Construir | Palisade Wall |
| 10:52 | Construir | Palisade Wall |
| 11:15 | Construir | House |
| 11:18 | Construir | House |
| 11:21 | Construir | House |
| 11:46 | Construir | Palisade Wall |
| 12:01 | Construir | Palisade Wall |
| 12:10 | Crear | Villager (Male) |
| 12:11 | Crear | Villager (Male) |
| 13:04 | Construir | Market |
| 13:11 | Construir | Blacksmith |
| 13:48 | Construir | Stone Wall |
| 13:55 | Construir | Stone Wall |
| 14:01 | Construir | Stone Wall |
| 14:17 | Investigar | Castle Age |
| 16:06 | Construir | Farm |
| 16:06 | Construir | Farm |
| 16:07 | Construir | Farm |
| 16:07 | Construir | Farm |
| 16:07 | Construir | Farm |
| 16:07 | Construir | Farm |
| 16:08 | Construir | Farm |
| 16:08 | Construir | Farm |
| 16:08 | Construir | Farm |
| 16:09 | Construir | Farm |
| 16:10 | Construir | Farm |
| 16:11 | Construir | Farm |
| 16:12 | Construir | Farm |
| 16:13 | Construir | Farm |
| 16:13 | Construir | Farm |
| 16:13 | Construir | Farm |
| 16:14 | Construir | Farm |
| 16:14 | Construir | Farm |
| 16:14 | Construir | Farm |
| 16:16 | Construir | Farm |
| 16:17 | Construir | Farm |
| 16:17 | Construir | Farm |
| 16:18 | Construir | Farm |
| 16:30 | Construir | Farm |
| 16:31 | Construir | Farm |
| 16:31 | Construir | Farm |
| 16:31 | Construir | Farm |
| 16:32 | Construir | Farm |
| 16:32 | Construir | Farm |
| 16:33 | Construir | Farm |
| 16:33 | Construir | Farm |
| 16:33 | Construir | Farm |
| 16:34 | Construir | Farm |
| 16:34 | Construir | Farm |
| 16:34 | Construir | Farm |
| 16:34 | Construir | Farm |
| 16:35 | Construir | Farm |
| 17:05 | Construir | Castle |
| 18:05 | Crear | Villager (Male) |
| 18:06 | Crear | Villager (Male) |
| 18:06 | Crear | Villager (Male) |
| 18:06 | Crear | Villager (Male) |
| 18:45 | Construir | Lumber Camp |
| 19:13 | Investigar | Wheelbarrow |
| 19:47 | Construir | Watch Tower |
| 20:07 | Crear | Villager (Male) |
| 20:43 | Crear | Villager (Male) |
| 20:43 | Crear | Villager (Male) |
| 21:25 | Construir | Town Center |
| 23:19 | Construir | Town Center |
| 23:41 | Crear | Villager (Male) |
| 23:41 | Crear | Villager (Male) |
| 23:42 | Crear | Villager (Male) |
| 24:03 | Construir | Farm |
| 24:03 | Construir | Farm |
| 24:03 | Construir | Farm |
| 24:03 | Construir | Farm |
| 24:03 | Construir | Farm |
| 24:03 | Construir | Farm |
| 24:07 | Crear | Villager (Male) |
| 24:25 | Construir | Farm |
| 24:31 | Crear | Villager (Male) |
| 24:31 | Crear | Villager (Male) |
| 24:33 | Construir | Farm |
| 24:33 | Construir | Farm |
| 24:33 | Construir | Farm |
| 24:33 | Construir | Farm |
| 24:33 | Construir | Farm |
| 24:33 | Construir | Farm |
| 24:34 | Construir | Farm |
| 24:34 | Construir | Farm |
| 24:34 | Construir | Farm |
| 24:52 | Construir | Farm |
| 24:53 | Construir | Farm |
| 24:58 | Construir | Farm |
| 24:58 | Construir | Farm |
| 24:58 | Construir | Farm |
| 24:58 | Construir | Farm |
| 24:58 | Construir | Farm |
| 24:58 | Construir | Farm |
| 24:58 | Construir | Farm |
| 24:58 | Construir | Farm |
| 24:58 | Construir | Farm |
| 24:58 | Construir | Farm |
| 24:58 | Construir | Farm |
| 25:10 | Construir | Barracks |
| 25:14 | Investigar | Double-Bit Axe |
| 25:40 | Investigar | Horse Collar |
| 26:01 | Construir | Farm |
| 26:01 | Construir | Farm |
| 26:01 | Construir | Farm |
| 26:01 | Construir | Farm |
| 26:01 | Construir | Farm |
| 26:01 | Construir | Farm |
| 26:01 | Construir | Farm |
| 26:01 | Construir | Farm |
| 26:01 | Construir | Farm |
| 26:01 | Construir | Farm |
| 26:01 | Construir | Farm |
| 26:09 | Investigar | Bow Saw |
| 26:10 | Investigar | Bow Saw |
| 26:26 | Investigar | Heavy Plow |
Build order — ButtBoi
Primeras 150 de 314 acciones detectadas
| 0:02 | Crear | Villager (Male) |
| 0:03 | Crear | Villager (Male) |
| 0:03 | Crear | Villager (Male) |
| 0:06 | Construir | House |
| 0:13 | Construir | House |
| 0:39 | Construir | House |
| 1:34 | Crear | Villager (Male) |
| 2:04 | Crear | Villager (Male) |
| 2:15 | Construir | Lumber Camp |
| 2:21 | Crear | Villager (Male) |
| 2:59 | Crear | Villager (Male) |
| 3:39 | Crear | Villager (Male) |
| 3:40 | Crear | Villager (Male) |
| 4:28 | Construir | Mill |
| 4:41 | Crear | Villager (Male) |
| 4:41 | Crear | Villager (Male) |
| 5:08 | Crear | Villager (Male) |
| 5:41 | Investigar | Loom |
| 5:44 | Crear | Villager (Male) |
| 6:17 | Crear | Villager (Male) |
| 6:38 | Crear | Villager (Male) |
| 7:15 | Crear | Villager (Male) |
| 7:16 | Crear | Villager (Male) |
| 7:51 | Construir | House |
| 7:52 | Construir | House |
| 8:17 | Crear | Villager (Male) |
| 8:36 | Crear | Villager (Male) |
| 8:49 | Investigar | Loom |
| 9:14 | Crear | Villager (Male) |
| 9:40 | Construir | Mill |
| 9:47 | Crear | Villager (Male) |
| 10:03 | Crear | Villager (Male) |
| 10:04 | Crear | Villager (Male) |
| 10:06 | Crear | Villager (Male) |
| 10:15 | Investigar | Feudal Age |
| 10:49 | Construir | Farm |
| 10:51 | Construir | Farm |
| 10:52 | Construir | Farm |
| 10:53 | Construir | Farm |
| 10:54 | Construir | Farm |
| 11:31 | Crear | Villager (Male) |
| 11:49 | Construir | Lumber Camp |
| 12:30 | Construir | Mining Camp |
| 12:34 | Construir | House |
| 12:36 | Crear | Villager (Male) |
| 13:03 | Investigar | Double-Bit Axe |
| 13:19 | Crear | Villager (Male) |
| 13:51 | Construir | Blacksmith |
| 13:59 | Crear | Villager (Male) |
| 14:19 | Crear | Villager (Male) |
| 14:40 | Construir | House |
| 14:44 | Construir | House |
| 14:46 | Construir | House |
| 14:47 | Crear | Villager (Male) |
| 15:00 | Construir | Barracks |
| 15:02 | Crear | Villager (Male) |
| 15:52 | Construir | Stable |
| 16:01 | Construir | Stable |
| 16:04 | Crear | Villager (Male) |
| 16:09 | Crear | Villager (Male) |
| 16:29 | Construir | Palisade Wall |
| 16:43 | Crear | Villager (Male) |
| 16:47 | Investigar | Castle Age |
| 17:00 | Construir | Barracks |
| 17:32 | Investigar | Forging |
| 17:39 | Construir | Farm |
| 17:41 | Construir | Farm |
| 17:43 | Construir | Farm |
| 17:46 | Construir | Farm |
| 17:54 | Crear | Scout Cavalry |
| 18:27 | Construir | Palisade Wall |
| 19:05 | Construir | Palisade Wall |
| 19:10 | Construir | Palisade Gate |
| 19:20 | Construir | Farm |
| 19:26 | Crear | Villager (Male) |
| 19:26 | Crear | Villager (Male) |
| 19:41 | Construir | Farm |
| 19:48 | Construir | Town Center |
| 19:59 | Crear | Knight |
| 19:59 | Crear | Knight |
| 20:00 | Crear | Knight |
| 20:01 | Crear | Knight |
| 20:01 | Crear | Knight |
| 20:01 | Crear | Knight |
| 21:06 | Crear | Knight |
| 21:16 | Crear | Knight |
| 21:41 | Construir | Siege Workshop |
| 21:44 | Construir | Farm |
| 21:45 | Crear | Villager (Male) |
| 21:47 | Crear | Villager (Male) |
| 21:47 | Crear | Villager (Male) |
| 21:47 | Crear | Villager (Male) |
| 21:47 | Crear | Villager (Male) |
| 21:48 | Crear | Villager (Male) |
| 22:00 | Crear | Villager (Male) |
| 22:00 | Crear | Villager (Male) |
| 22:00 | Crear | Villager (Male) |
| 22:06 | Construir | Farm |
| 22:29 | Crear | Knight |
| 22:30 | Crear | Knight |
| 22:53 | Crear | Spearman |
| 24:10 | Construir | Farm |
| 24:12 | Crear | Villager (Male) |
| 24:13 | Crear | Villager (Male) |
| 24:13 | Crear | Villager (Male) |
| 24:15 | Crear | Villager (Male) |
| 24:15 | Crear | Villager (Male) |
| 24:15 | Crear | Villager (Male) |
| 24:16 | Crear | Villager (Male) |
| 24:21 | Construir | Farm |
| 24:24 | Construir | Farm |
| 24:51 | Construir | Mining Camp |
| 25:16 | Construir | Farm |
| 25:19 | Construir | Farm |
| 25:27 | Construir | Palisade Wall |
| 25:56 | Construir | Monastery |
| 26:00 | Construir | House |
| 26:02 | Construir | House |
| 26:10 | Investigar | Gold Mining |
| 26:11 | Investigar | Stone Mining |
| 26:13 | Investigar | Bow Saw |
| 26:27 | Construir | Lumber Camp |
| 26:42 | Crear | Villager (Male) |
| 26:48 | Crear | Villager (Male) |
| 26:48 | Crear | Villager (Male) |
| 26:49 | Crear | Villager (Male) |
| 26:49 | Crear | Villager (Male) |
| 26:49 | Crear | Villager (Male) |
| 27:00 | Construir | House |
| 27:03 | Construir | House |
| 27:06 | Crear | Mangonel |
| 27:13 | Crear | Monk |
| 27:14 | Crear | Monk |
| 27:16 | Crear | Monk |
| 27:43 | Construir | Palisade Wall |
| 27:48 | Crear | Villager (Male) |
| 27:48 | Crear | Villager (Male) |
| 27:48 | Crear | Villager (Male) |
| 27:55 | Construir | House |
| 27:55 | Construir | House |
| 27:56 | Construir | House |
| 27:57 | Construir | House |
| 28:01 | Construir | House |
| 28:03 | Crear | Villager (Male) |
| 28:04 | Crear | Villager (Male) |
| 28:08 | Crear | Villager (Male) |
| 28:08 | Crear | Villager (Male) |
| 28:08 | Crear | Villager (Male) |
| 28:08 | Crear | Villager (Male) |
| 28:14 | Construir | House |
Cronología de la partida
| 5:40 | Alexis angel666 · wall_segment Palisade Wall x16 |
| 8:32 | TrackpadJake · first_building Barracks |
| 9:42 | TrackpadJake · wall_segment Palisade Wall x6 |
| 9:48 | TrackpadJake · wall_segment Palisade Wall x1 |
| 9:48 | TrackpadJake · wall_segment Palisade Wall x1 |
| 10:46 | Alexis angel666 · wall_segment Palisade Wall x14 |
| 10:52 | Alexis angel666 · wall_segment Palisade Wall x7 |
| 11:46 | TrackpadJake · first_building Archery Range |
| 11:46 | Alexis angel666 · wall_segment Palisade Wall x13 |
| 12:01 | Alexis angel666 · wall_segment Palisade Wall x12 |
| 13:48 | Alexis angel666 · wall_segment Stone Wall x4 |
| 13:55 | Alexis angel666 · wall_segment Stone Wall x6 |
| 14:01 | Alexis angel666 · wall_segment Stone Wall x9 |
| 14:13 | Alexis angel666 · first_market_sell 100 stone |
| 14:30 | TrackpadJake · wall_segment Palisade Wall x11 |
| 14:31 | TrackpadJake · wall_segment Palisade Wall x1 |
| 15:00 | ButtBoi · first_building Barracks |
| 15:52 | ButtBoi · first_building Stable |
| 16:29 | ButtBoi · wall_segment Palisade Wall x10 |
| 16:36 | Sparten gio · first_building Barracks |
| 17:05 | Alexis angel666 · first_building Castle |
| 18:27 | ButtBoi · wall_segment Palisade Wall x41 |
| 19:05 | ButtBoi · wall_segment Palisade Wall x15 |
| 20:32 | Sparten gio · first_building Castle |
| 20:33 | TrackpadJake · wall_segment Stone Wall x19 |
| 20:45 | TrackpadJake · wall_segment Stone Wall x5 |
| 21:29 | Sparten gio · first_building Monastery |
| 21:41 | ButtBoi · first_building Siege Workshop |
| 24:50 | Alexis angel666 · first_market_buy 100 wood |
| 25:10 | Alexis angel666 · first_building Barracks |
| 25:27 | ButtBoi · wall_segment Palisade Wall x9 |
| 25:56 | ButtBoi · first_building Monastery |
| 27:15 | TrackpadJake · first_market_sell 100 wood |
| 27:18 | Alexis angel666 · first_building Stable |
| 27:43 | ButtBoi · wall_segment Palisade Wall x66 |
| 28:45 | TrackpadJake · first_market_buy 100 wood |
| 30:25 | Sparten gio · first_building Stable |
| 30:51 | Sparten gio · first_market_buy 100 stone |
| 30:56 | Sparten gio · first_market_sell 100 wood |
| 32:20 | TrackpadJake · first_building Siege Workshop |
| 33:49 | ButtBoi · first_building Castle |
| 35:07 | Sparten gio · first_building Siege Workshop |
| 36:11 | Alexis angel666 · first_building Archery Range |
| 39:17 | ButtBoi · wall_segment Stone Wall x52 |
| 39:53 | ButtBoi · wall_segment Stone Wall x21 |
| 42:07 | TrackpadJake · first_building Castle |
| 42:27 | TrackpadJake · first_building Monastery |
| 45:48 | Alexis angel666 · wall_segment Stone Wall x15 |
| 51:28 | Sparten gio · first_building Archery Range |
| 52:33 | Sparten gio · wall_segment Stone Wall x8 |
| 55:43 | Alexis angel666 · resign |
[ ANÁLISIS IA · 1 CRÉDITO ]
¿Qué pasó realmente en esta partida?
Wolo.gg analiza cada decisión: build order, eco, micro, errores típicos por bracket. Análisis personalizado por WhatsApp o Discord en 30 segundos.
Guía civ
Lituanos
Guía mapa
Arabia
Perfil
Sparten gio